 Dungeon Crawl Stone Soup version 0.19.5 (webtiles) character file.

66 miragecloak the Cudgeler (level 4, -4/35 HPs)
             Began as a Formicid Abyssal Knight on May 3, 2017.
             Was a Follower of Lugonu.
             Slain by an iron imp (8 damage)
             ... summoned by Natasha
             ... on level 2 of the Dungeon.
             The game lasted 00:01:25 (1739 turns).

miragecloak the Cudgeler (Formicid Abyssal Knight)  Turns: 1739, Time: 00:01:27

Health: -4/35      AC:  3    Str: 17    XL:     4   Next: 37%
Magic:  5/5        EV: 11    Int: 11    God:    Lugonu [*.....]
Gold:   68         SH:  0    Dex: 11    Spells: 0 memorised, 3 levels left

rFire  . . .     SeeInvis +     a - +1 mace
rCold  . . .     Gourm    +     b - +0 leather armour
rNeg   + . .     Faith    .     (no shield)
rPois  .         Spirit   .     (helmet unavailable)
rElec  .         Reflect  .     (no cloak)
rCorr  .         Harm     .     (no gloves)
MR     .....                    (no boots)
Stlth  +.........               f - amulet of the gourmand
                                (no ring)
                                p - ring of positive energy

@: no status effects
A: permanent stasis, dig shafts and tunnels, four strong arms, antennae 3
a: Dig, Shaft Self, Depart the Abyss, Renounce Religion


You were on level 2 of the Dungeon.
You worshipped Lugonu.
Lugonu was aware of your devotion.
You were full.

You visited 1 branch of the dungeon, and saw 2 of its levels.
You visited the Abyss 1 time.

You collected 68 gold pieces.

Inventory:

Hand Weapons
 a - a +1 mace (weapon)
Armour
 b - a +0 leather armour (worn)
Jewellery
 f - an amulet of the gourmand (around neck)
 p - a ring of positive energy (left hand)
Scrolls
 d - 2 scrolls of enchant armour {unknown}
 e - 3 scrolls of identify {unknown}
 g - a scroll of magic mapping {unknown}
 h - a scroll of remove curse {unknown}
 m - a scroll of random uselessness {unknown}
 o - a scroll of teleportation {unknown}
Potions
 j - 2 potions of agility
 k - a potion of might {unknown}
 n - a potion of curing {unknown}
Comestibles
 c - a bread ration
 i - a slice of pizza
 l - a meat ration


   Skills:
 - Level 3.2 Fighting
 + Level 4.3 Maces & Flails
 - Level 2.1 Armour
 - Level 0.8 Dodging
 - Level 2.1 Invocations


You had 3 spell levels left.
You didn't know any spells.

Dungeon Overview and Level Annotations

Branches:
Dungeon (2/15)

Altars:
Ashenzari
Trog

Annotations:
D:2 Natasha


Innate Abilities, Weirdness & Mutations

You are under a permanent stasis effect.
You can dig through walls and to a lower floor.
Your four strong arms can wield two-handed weapons with a shield.
You have a pair of large antennae on your head. (SInv)


Message History

Natasha is heavily wounded.
Natasha closely misses you.
You hit Natasha but do no damage.
Natasha is heavily wounded.
Natasha claws you.
You barely miss Natasha.
Natasha is heavily wounded.
Natasha casts a spell.
The crimson imp blinks!
You barely miss Natasha.
Natasha is heavily wounded.
Natasha claws you.
* * * LOW HITPOINT WARNING * * *
Natasha stares at you and mumbles some strange words.
The magic dart hits you!
* * * LOW HITPOINT WARNING * * *
You hit Natasha.
Natasha is heavily wounded.
The iron imp hits you!
You die...

#.#####.#.#.##.#
#####...#.## #.#
#........##### ##.##...
#.#
#.####.......####.#####
#.# #.# #.#####......#
#.#####.# #.# ########
#.......# #.#
####(#.#####.#
##.#.....5.##
#.)##.....@.#
#.####.####h# #.# #.#
#r# #.# ##.# #.# #.#
#..# #w# #.###.#####5#
#.#.....##..#
##.#.)...##.## #####
#......####.####...#


You could see a worm, an iron imp, Natasha, a crimson imp and a rat.

Vanquished Creatures
  Natasha (D:2)
  An adder (D:2)
  A dart slug (D:2)
  4 bats
  4 giant cockroaches
  7 goblins (D:1)
  3 hobgoblins (D:1)
  A ball python (D:2)
  A frilled lizard (D:2)
  4 kobolds
  A rat (D:2)
28 creatures vanquished.

Notes
Turn   | Place    | Note
-------+----------+-------------------------------------------
     0 | Abyss:1  | miragecloak the Formicid Abyssal Knight began the quest for the Orb.
     0 | Abyss:1  | Reached XP level 1. HP: 18/18 MP: 2/2
   129 | Abyss:1  | Noticed a small abomination
   130 | D:1      | Escaped the Abyss
   165 | D:1      | Reached * piety under Lugonu
   231 | D:1      | Reached XP level 2. HP: 21/24 MP: 3/3
   357 | D:1      | Reached skill level 3 in Maces & Flails
   374 | D:1      | Found a shattered altar of Ashenzari.
   712 | D:1      | Reached XP level 3. HP: 29/29 MP: 4/4
   960 | D:2      | Noticed Natasha
   968 | D:2      | Killed Natasha
   968 | D:2      | Reached skill level 4 in Maces & Flails
   968 | D:2      | Reached XP level 4. HP: 21/35 MP: 5/5
  1018 | D:2      | HP: 1/35 [poisoned by an adder]
  1717 | D:2      | Noticed a moth of wrath
  1719 | D:2      | Noticed Natasha
  1720 | D:2      | Found a bloodstained altar of Trog.
  1739 | D:2      | Slain by an iron imp

Skill      XL: |  1  2  3 |
---------------+----------+-----
Maces & Flails | 3 4 |  4.3
Fighting       | |  3.2
Armour         | |  2.1
Dodging        | |  0.8
Invocations    | |  2.1

Action                   |  1- 3 |  4- 6 || total
-------------------------+-------+-------++-------
Melee: Mace              |    74 |    27 ||   101
Invok: Depart the Abyss  |     1 |       ||     1
  Eat: Chunk             |     9 |     2 ||    11
Armor: Leather armour    |    23 |     4 ||    27
Dodge: Dodged            |    50 |    12 ||    62
